 Dungeon Crawl Stone Soup version 0.29.1-15-g9cfb28693d (webtiles) character file.

Game seed: 9425458659603049636

60545 Anriel the Bludgeoner (level 14, -13/129 HPs)
             Began as a Minotaur Fighter on Mar 17, 2023.
             Was the Champion of Okawaru.
             Shot with an arrow by Nessos (15 damage)
             ... while paralysed by Nessos
             ... on level 15 of the Dungeon.
             The game lasted 01:30:09 (16653 turns).

Anriel the Bludgeoner (Minotaur Fighter)           Turns: 16653, Time: 01:30:10

Health: -13/129    AC: 26    Str: 30    XL:     14   Next: 57%
Magic:  20/20      EV:  2    Int:  8    God:    Okawaru [******]
Gold:   937        SH:  0    Dex: 12    Spells: 13/13 levels left

rFire   + . .      SeeInvis +   V - +5 morningstar (protect)
rCold   . . .      Faith    .   O - +0 kite shield
rNeg    + . .      Spirit   .   B - +5 chain mail of Kuto Jioje {Int+3}
rPois   .          Reflect  .   Z - +0 hat of the Shining Light {SInv}
rElec   +          Harm     .   g - +0 cloak
rCorr   .          Rampage  .   (no gloves)
Will    +....                   m - +2 pair of boots
Stlth   ..........              k - amulet of Lobboc {RegenMP rElec rF+ rN+ Regen+}
HPRegen 1.11/turn               N - +6 ring of strength
MPRegen 0.57/turn               c - +4 ring of protection

@: paralysed, lethally poisoned (-13 -> -47)
A: horns 2, retaliatory headbutt
a: Renounce Religion, Heroism, Finesse, Duel


You were on level 15 of the Dungeon.
You worshipped Okawaru.
Okawaru was exalted by your worship.
You visited 2 branches of the dungeon, and saw 16 of its levels.
You also visited: Sewer and Bailey.

You collected 1899 gold pieces.
You spent 962 gold pieces at shops.

Inventory:

Hand Weapons
 i - the +10 mace of the Evil Eye {flame, Drain rPois Int-5 Dex+9}
   (You found it on level 15 of the Dungeon)

   It burns those it strikes, dealing additional fire damage.
   Int:       It affects your intelligence (-5).
   Dex:       It affects your dexterity (+9).
   rPois:     It protects you from poison.
   Drain:     It drains your maximum health when unequipped.
 D - the +2 sling of the Postmodern Stories {venom, rPois rC++ rN+ Dex-5}
   (You found it on level 5 of the Dungeon)

   Any ammunition fired from it poisons the flesh of those it strikes.
   Dex:       It affects your dexterity (-5).
   rC:        It greatly protects you from cold.
   rPois:     It protects you from poison.
   rN:        It protects you from negative energy.
 T - the +8 Vampire's Tooth {vamp}
   (You found it on level 10 of the Dungeon)

   It occasionally heals its wielder for the full amount of damage dealt when it
   wounds a living foe.
 V - a +5 morningstar of protection (weapon)
Missiles
 t - 14 boomerangs (quivered)
 y - 3 throwing nets
Armour
 a - the +1 scale mail "Merphonuu" {rF+ Dex+2}
   (Okawaru gifted it to you on level 15 of the Dungeon)

   Dex:       It affects your dexterity (+2).
   rF:        It protects you from fire.
 d - the +0 pair of boots "Fuca" {rC+ Dex+4}
   (Okawaru gifted it to you on level 11 of the Dungeon)

   Dex:       It affects your dexterity (+4).
   rC:        It protects you from cold.
 g - a +0 cloak (worn)
 m - a +2 pair of boots (worn)
 o - the +2 robe "Wumnisui" {rC- Regen+ Dex+3}
   (You found it on level 2 of the Dungeon)

   Dex:       It affects your dexterity (+3).
   rC:        It makes you vulnerable to cold.
   Regen:     It increases your rate of health regeneration.
 q - a +0 troll leather armour
 s - the +1 robe of Amelioration {+Inv rPois Will+ Dex+5}
   (You found it on level 8 of the Dungeon)

   Dex:       It affects your dexterity (+5).
   rPois:     It protects you from poison.
   +Inv:      It lets you turn invisible.
   Will:      It increases your willpower.
 w - the +0 chain mail of Kleptomania {rElec}
   (You bought it in a shop on level 14 of the Dungeon)

   rElec:     It insulates you from electricity.
 B - the +5 chain mail of Kuto Jioje (worn) {Int+3}
   (You bought it in a shop on level 14 of the Dungeon)

   Int:       It affects your intelligence (+3).
 G - a +2 chain mail of cold resistance
 O - a +0 kite shield (worn)
 Y - +0 acid dragon scales
 Z - the +0 hat of the Shining Light (worn) {SInv}
   (Okawaru gifted it to you on level 12 of the Dungeon)

   SInv:      It lets you see invisible.
Jewellery
 c - a +4 ring of protection (right hand)
 k - the amulet of Lobboc (around neck) {RegenMP rElec rF+ rN+ Regen+}
   (You acquired it on level 13 of the Dungeon)

   [amulet of magic regeneration]

   It increases your rate of magic regeneration.
   rF:        It protects you from fire.
   rElec:     It insulates you from electricity.
   rN:        It protects you from negative energy.
   Regen:     It increases your rate of health regeneration.
 l - a ring of resist corrosion
 r - a ring of ice
 F - a +4 ring of evasion
 K - a ring of flight
 N - a +6 ring of strength (left hand)
 P - a ring of protection from fire
 R - a ring of magical power
 X - a ring of wizardry
Wands
 f - a wand of digging (6)
 u - a wand of paralysis (21)
 E - a wand of polymorph (13)
 H - a wand of roots (6)
 L - a wand of light (21)
 Q - a wand of flame (10)
 W - a wand of mindburst (7)
Scrolls
 h - 4 scrolls of blinking
 p - a scroll of immolation
 x - 2 scrolls of magic mapping
 C - 12 scrolls of teleportation
 I - 4 scrolls of identify
 M - 3 scrolls of poison
Potions
 b - a potion of ambrosia
 e - 2 potions of heal wounds
 j - a potion of haste
 n - 3 potions of magic
 v - 8 potions of curing
 z - 5 potions of invisibility
 A - 2 potions of resistance
 U - a potion of berserk rage
Miscellaneous
 J - a tin of tremorstones (2/2)


   Skills:
 + Level 13.3 Fighting
 - Level 15.0 Maces & Flails
 * Level 8.8 Throwing
 * Level 11.6 Armour
 - Level 10.3 Shields
 - Level 10.0 Invocations
 - Level 5.2 Evocations


You had 13 spell levels left.
You didn't know any spells.
Your spell library contained the following spells:

 Spells                   Type           Power      Damage    Failure   Level
 Beastly Appendage        Tmut           0%         N/A       98%         1
 Freeze                   Ice            0%         1d3       98%         1
 Wereblood                Tmut           0%         N/A       99%         2
 Frozen Ramparts          Ice            0%         1d1       100%        3
 Spider Form              Tmut/Pois      0%         N/A       100%        3
 Hailstorm                Conj/Ice       0%         3d3       100%        4
 Leda's Liquefaction      Hex/Erth       0%         N/A       100%        4
 Lee's Rapid Deconstruct  Erth           0%         3d5*      100%        5
 Statue Form              Tmut/Erth      0%         N/A       100%        6
 Discord                  Hex            0%         N/A       100%        8
 Chain Lightning          Conj/Air       0%         N/A       100%        9
 Fire Storm               Conj/Fire      0%         5d1       100%        9
 Shatter                  Erth           0%         3d5*      100%        9
 Tukima's Dance           Hex            Unusable   N/A       N/A         3
 Summon Lightning Spire   Summ/Air       Unusable   N/A       N/A         4

Dungeon Overview and Level Annotations

Branches:
Dungeon (15/15)            Temple (1/1) D:4            Lair (0/5) D:8
    Orc (0/2) D:9          Vaults (0/5) D:14          Sewer (visited)
 Bailey (visited)
 Depths: D:15

Altars:
Ashenzari
Cheibriados
Dithmenos
Elyvilon
Fedhas
Gozag
Hepliaklqana
Kikubaaqudgha
Makhleb
Nemelex Xobeh
Okawaru
Qazlal
Ru
Sif Muna
Trog
Uskayaw
Vehumet
Wu Jian
Xom
Yredelemnul
Zin
The Shining One

Shops:
D:2 *   D:9 !*   D:14 [

Annotations:
D:15 Nessos


Innate Abilities, Weirdness & Mutations

You have a pair of horns on your head.
You reflexively headbutt those who attack you in melee.


Message History

Nessos casts a spell.
Nessos blinks!
You block the red ugly thing's attack.
You puncture the red ugly thing! You headbutt the red ugly thing!
The red ugly thing is severely wounded.
You feel very sick.
Nessos mumbles some strange words.
Nessos blinks!
You impale the red ugly thing!!
You kill the red ugly thing!
Okawaru accepts your kill.
You feel sick.
Nessos shoots an arrow.
The arrow hits you! The arrow burns you.
Nessos stands on their hind legs for a moment.
Nessos shoots an arrow.
You block the arrow.
You feel better.
Nessos zaps a wand.
You suddenly lose the ability to move!
The now-empty wand crumbles to dust.
The cyan ugly thing punches you but does no damage.
Nessos shouts, "I'm half human!
Half horse!
And all stone-cold KILLER!"
Nessos shoots an arrow.
The arrow hits you but does no damage.
The cyan ugly thing punches you but does no damage.
Nessos gestures wildly while chanting.
Nessos blinks!
Nessos shoots an arrow.
The arrow hits you!
You are poisoned.
Nessos shoots an arrow.
The arrow hits you but does no damage. The cyan ugly thing punches you!
The cyan ugly thing shocks you. You resist.
You feel very sick.
Nessos shoots an arrow.
The arrow hits you!
* * * LOW HITPOINT WARNING * * *
You are more poisoned.
Nessos pounds the earth with their hooves.
Nessos shoots an arrow.
The arrow hits you!
* * * LOW HITPOINT WARNING * * *
The arrow burns you.
You are more poisoned.
* * * LOW HITPOINT WARNING * * *
The cyan ugly thing punches you but does no damage.
* * * LOW HITPOINT WARNING * * *
You feel extremely sick.
Nessos shoots an arrow.
The arrow barely misses you.
Nessos shoots an arrow.
The arrow hits you!
You die...

...#........#
##.#.....#### ...#.....#
##...#'###########
...†.#.........c.#
###..###########.#######
........................
#####.....######.######.
..##.. #@# ..# . ##u###
..# #....# .# #....#
#....# ##.### #.#
.............#
..##..##.[...#


You could see Nessos (fast) and a cyan ugly thing.

Vanquished Creatures
  A quicksilver dragon (shapeshifter) (D:10)
  8 vault guards (D:14)
  A hydra (D:13)
  2 boulder beetles (D:13)
  Erolcha (D:12)
  A catoblepas (D:15)
  4 centaur warriors
  5 two-headed ogres
  A tengu warrior (D:14)
  The ghost of Netaeli the End of an Era, a journeyman SpVM of Qazlal (D:12)
  A skeletal warrior (D:12)
  The ghost of Elsvaer the Thaumaturge, a novice DECj of Vehumet (D:10)
  A deep elf archer (D:10)
  Pikel (D:4)
  2 wizards (D:8)
  A deep elf pyromancer (D:12)
  A manticore (D:12)
  11 ugly things
  2 cyclopes (D:11)
  Joseph (D:7)
  2 gargoyles
  2 unseen horrors (D:12)
  3 kobold demonologists
  2 komodo dragons
  2 tengu conjurers (D:14)
  6 trolls
  A tyrant leech (D:10)
  A hornet (D:10)
  7 slime creatures
  A slime creature (shapeshifter) (D:12)
  2 shadows (D:12)
  2 wyverns
  3 wraiths
  2 vampires (D:10)
  5 yaks (D:12)
  2 basilisks (D:14)
  20 vampire mosquitoes
  2 water moccasins
  Duvessa (D:5)
  11 orc warriors
  An acid dragon (D:14)
  3 ice beasts
  A black bear (D:4)
  5 ogres
  6 centaurs
  11 kobold brigands
  4 gnoll sergeants
  A necrophage (D:6)
  2 scorpions
  Dowan (D:5)
  7 wights
  5 killer bees (D:8)
  An electric eel (D:8)
  7 howler monkeys
  2 hounds
  A jelly (D:4)
  Crazy Yiuf (D:4)
  5 orc priests
  2 gnoll boudas
  3 iguanas
  12 orc wizards
  28 gnolls
  7 river rats
  12 adders
  3 shadow imps
  2 ufetubi
  2 worms
  4 dart slugs
  40 orcs
  10 ball pythons
  8 endoplasms
  7 giant cockroaches
  7 goblins
  11 hobgoblins
  6 jackals
  45 kobolds
  8 quokkas
  10 bats
  5 frilled lizards
  9 rats
  A bush (D:6)
430 creatures vanquished.

Vanquished Creatures (others)
  An orc wizard (D:12)
  3 fungi (D:8)
  6 plants
10 creatures vanquished.

Grand Total: 440 creatures vanquished

Notes
Turn   | Place    | Note
-------+----------+-------------------------------------------
     0 | D:1      | Anriel the Minotaur Fighter began the quest for the Orb.
     0 | D:1      | Reached XP level 1. HP: 19/19 MP: 0/0
   136 | D:1      | Found a faded altar of an unknown god.
   342 | D:1      | Reached XP level 2. HP: 27/27 MP: 1/1
   463 | D:1      | Reached skill level 3 in Maces & Flails
  1141 | D:2      | Found Hajud's General Store.
  1154 | D:2      | Reached XP level 3. HP: 19/33 MP: 2/2
  1325 | D:2      | Identified the +2 robe "Wumnisui" {rC- Regen+ Dex+3}
  1826 | D:3      | Reached XP level 4. HP: 40/40 MP: 3/3
  1971 | D:3      | Reached skill level 4 in Maces & Flails
  1984 | D:3      | Reached skill level 5 in Armour
  2125 | D:3      | Found a glowing drain.
  2130 | D:3      | Reached XP level 5. HP: 47/47 MP: 4/4
  2139 | Sewer    | Entered a sewer
  2375 | Sewer    | Reached skill level 5 in Maces & Flails
  2975 | D:3      | Reached XP level 6. HP: 49/55 MP: 5/5
  3196 | D:4      | Noticed Pikel
  3207 | D:3      | Reached skill level 5 in Fighting
  3300 | D:4      | Killed Pikel
  3301 | D:4      | Reached skill level 7 in Maces & Flails
  3301 | D:4      | Reached skill level 5 in Shields
  3301 | D:4      | Reached XP level 7. HP: 33/63 MP: 6/6
  3688 | D:4      | Found a broken altar of Ashenzari.
  3701 | D:4      | Reached XP level 8. HP: 59/70 MP: 7/7
  4124 | D:4      | Found a staircase to the Ecumenical Temple.
  4130 | Temple   | Entered the Ecumenical Temple
  4130 | Temple   | Found a transporter.
  4130 | Temple   | Found a transporter.
  4132 | Temple   | Found a transporter.
  4132 | Temple   | Found a transporter.
  4147 | Temple   | Became a worshipper of Warmaster Okawaru
  4406 | D:4      | Found a runed translucent door.
  4407 | D:4      | Noticed Crazy Yiuf
  4413 | D:4      | Killed Crazy Yiuf
  4690 | D:2      | Bought a potion of cancellation for 112 gold pieces
  4690 | D:2      | Bought a scroll of teleportation for 42 gold pieces
  4690 | D:2      | Bought a potion of curing for 42 gold pieces
  4754 | D:5      | Entered Level 5 of the Dungeon
  4764 | D:5      | Found an ancient bone altar of Kikubaaqudgha.
  4765 | D:5      | Found a blossoming altar of Fedhas.
  4804 | D:5      | Identified the +2 sling of the Postmodern Stories {venom,
                  | rPois rC++ rN+ Dex-5}
  4854 | D:5      | Reached skill level 1 in Throwing
  4858 | D:5      | Reached skill level 8 in Maces & Flails
  5335 | D:5      | Noticed Duvessa
  5335 | D:5      | Noticed Dowan
  5347 | D:5      | Killed Duvessa
  5354 | D:5      | Killed Dowan
  5354 | D:5      | Reached * piety under Okawaru
  5571 | D:5      | Reached skill level 9 in Maces & Flails
  5936 | D:6      | Reached XP level 9. HP: 69/79 MP: 8/8
  6387 | D:6      | Reached ** piety under Okawaru
  6708 | D:7      | Reached skill level 10 in Maces & Flails
  6708 | D:7      | Reached skill level 5 in Throwing
  6723 | D:7      | Found a flagged portal.
  6737 | Bailey   | Entered a bailey
  6776 | Bailey   | Reached skill level 1 in Invocations
  7536 | D:7      | Reached *** piety under Okawaru
  7676 | D:7      | Noticed Joseph
  7687 | D:7      | Killed Joseph
  7938 | D:8      | Reached XP level 10. HP: 90/90 MP: 12/12
  7948 | D:8      | Noticed a wizard
  7958 | D:8      | Killed a wizard
  7979 | D:8      | Noticed a wizard
  7980 | D:8      | Reached **** piety under Okawaru
  8030 | D:8      | Killed a wizard
  8031 | D:8      | Reached skill level 5 in Invocations
  8088 | D:8      | Got the Vellum of Stormy Bewitchment
  8182 | D:8      | Found a staircase to the Lair.
  8435 | D:8      | Identified the +1 robe of Amelioration {+Inv rPois Will+
                  | Dex+5}
  8794 | D:9      | Found Onupec's Distillery.
  8812 | D:9      | Found a staircase to the Orcish Mines.
  8823 | D:9      | Reached skill level 10 in Armour
  8878 | D:9      | Reached skill level 1 in Evocations
  8959 | D:9      | Found Veos Muda's General Store.
  9034 | D:9      | Found a hide-covered altar of Uskayaw.
  9388 | D:10     | Entered Level 10 of the Dungeon
  9446 | D:10     | Found a runed translucent gate.
  9446 | D:10     | Found a runed translucent gate.
  9446 | D:10     | Found a runed translucent gate.
  9446 | D:10     | Found an opulent altar of Gozag.
  9447 | D:10     | Noticed Elsvaer's ghost (novice DECj)
  9447 | D:10     | Noticed a deep elf archer
  9448 | D:10     | Noticed a white ugly thing
  9509 | D:10     | Noticed a two-headed ogre
  9524 | D:10     | Killed a two-headed ogre
  9524 | D:10     | Reached ***** piety under Okawaru
  9525 | D:10     | Reached XP level 11. HP: 99/99 MP: 13/13
  9526 | D:10     | Noticed a two-headed ogre
  9537 | D:10     | Killed a two-headed ogre
  9679 | D:10     | Reached skill level 10 in Fighting
  9687 | D:10     | Received a gift from Okawaru
 10411 | D:10     | Found the +8 Vampire's Tooth {vamp}
 10467 | D:10     | Noticed a two-headed ogre
 10475 | D:10     | Killed a two-headed ogre
 10916 | D:9      | Bought a potion of curing for 30 gold pieces
 10916 | D:9      | Bought a potion of heal wounds for 50 gold pieces
 10916 | D:9      | Bought a potion of heal wounds for 50 gold pieces
 10916 | D:9      | Bought a potion of curing for 30 gold pieces
 10916 | D:9      | Bought a potion of berserk rage for 50 gold pieces
 10916 | D:9      | Bought a potion of resistance for 100 gold pieces
 10940 | D:10     | Noticed a fenstrider witch
 10966 | D:11     | Noticed a two-headed ogre
 10974 | D:11     | Killed a two-headed ogre
 10999 | D:11     | Noticed a soul eater
 11000 | D:11     | Reached skill level 10 in Shields
 11014 | D:11     | Noticed a soul eater
 11033 | D:11     | Reached skill level 5 in Evocations
 11236 | D:11     | Found a stormy altar of Qazlal.
 11581 | D:11     | Identified the +0 pair of boots "Fuca" {rC+ Dex+4} (Okawaru
                  | gifted it to you on level 11 of the Dungeon)
 11581 | D:11     | Received a gift from Okawaru
 12289 | D:12     | Reached skill level 11 in Maces & Flails
 12325 | D:12     | Reached ****** piety under Okawaru
 12334 | D:12     | Noticed a red ugly thing
 12339 | D:12     | Killed a red ugly thing
 12340 | D:12     | Reached XP level 12. HP: 77/110 MP: 15/15
 12478 | D:12     | Found a transporter.
 12481 | D:12     | Found a transporter.
 12483 | D:12     | Found a transporter.
 12483 | D:12     | Found a transporter.
 13032 | D:12     | Found a transporter.
 13035 | D:12     | Noticed Netaeli's ghost (journeyman SpVM)
 13053 | D:12     | Found a transporter.
 13059 | D:12     | Noticed Erolcha
 13076 | D:12     | Killed Erolcha
 13315 | D:12     | You fall into a shaft and drop 1 floor!
 13454 | D:12     | Identified the +0 hat of the Shining Light {SInv} (Okawaru
                  | gifted it to you on level 12 of the Dungeon)
 13454 | D:12     | Received a gift from Okawaru
 13460 | D:12     | Reached skill level 12 in Maces & Flails
 13630 | D:12     | Noticed an alligator
 13632 | D:12     | an alligator changed into a slime creature
 13681 | D:12     | Noticed a boulder beetle
 13682 | D:12     | Noticed a quicksilver ooze
 13682 | D:12     | a boulder beetle changed into a quicksilver ooze
 13687 | D:12     | Noticed a broodmother
 13687 | D:12     | a quicksilver ooze changed into a broodmother
 13690 | D:12     | a broodmother changed into a tyrant leech
 13762 | D:12     | Noticed an anaconda
 13762 | D:12     | a swamp worm changed into an anaconda
 13764 | D:12     | Noticed a spark wasp
 13764 | D:12     | an anaconda changed into a spark wasp
 13766 | D:12     | a spark wasp changed into a goliath frog
 13767 | D:12     | Noticed a jorogumo
 13767 | D:12     | a goliath frog changed into a jorogumo
 13768 | D:12     | Noticed a boulder beetle
 13768 | D:12     | a jorogumo changed into a boulder beetle
 13771 | D:12     | Noticed an alligator
 13771 | D:12     | a boulder beetle changed into an alligator
 13776 | D:12     | Noticed a jorogumo
 13776 | D:12     | an alligator changed into a jorogumo
 13780 | D:12     | Noticed an anaconda
 13780 | D:12     | a jorogumo changed into an anaconda
 13785 | D:12     | Noticed a satyr
 13785 | D:12     | an anaconda changed into a satyr
 13789 | D:12     | Noticed a ghost moth
 13789 | D:12     | a satyr changed into a ghost moth
 13791 | D:12     | a ghost moth changed into a slime creature
 13797 | D:12     | Killed Netaeli's ghost
 13996 | D:10     | Noticed a quicksilver dragon
 14008 | D:10     | Killed a quicksilver dragon
 14021 | D:10     | Killed Elsvaer's ghost
 14032 | D:10     | Reached skill level 13 in Maces & Flails
 14270 | D:13     | Noticed a centaur warrior
 14278 | D:13     | Killed a centaur warrior
 14319 | D:13     | Noticed a seven-headed hydra
 14326 | D:13     | Killed a seven-headed hydra
 14349 | D:13     | Received a gift from Okawaru
 14625 | D:13     | Noticed a boulder beetle
 14637 | D:13     | Killed a boulder beetle
 14670 | D:13     | Noticed a centaur warrior
 14685 | D:13     | Killed a centaur warrior
 14686 | D:13     | Reached XP level 13. HP: 72/119 MP: 19/19
 15062 | D:13     | Reached XP level 14. HP: 111/127 MP: 20/20
 15067 | D:13     | Identified a scroll of acquirement
 15067 | D:13     | Acquired the amulet of Lobboc {RegenMP rElec rF+ rN+
                  | Regen+}
 15573 | D:14     | Found Uwnihouk's Antique Armour Shoppe.
 15578 | D:14     | Bought a turquoise-encrusted chain mail for 228 gold pieces
 15578 | D:14     | Identified the +0 chain mail of Kleptomania {rElec} (You
                  | bought it in a shop on level 14 of the Dungeon)
 15578 | D:14     | Bought a shimmering chain mail for 228 gold pieces
 15578 | D:14     | Identified the +5 chain mail of Kuto Jioje {Int+3} (You
                  | bought it in a shop on level 14 of the Dungeon)
 15654 | D:14     | Reached skill level 14 in Maces & Flails
 15654 | D:14     | Reached skill level 10 in Invocations
 15658 | D:14     | Received a gift from Okawaru
 16242 | D:14     | Found a gate to the Vaults.
 16433 | D:14     | Reached skill level 15 in Maces & Flails
 16501 | D:15     | Entered Level 15 of the Dungeon
 16503 | D:15     | Identified the +1 scale mail "Merphonuu" {rF+ Dex+2}
                  | (Okawaru gifted it to you on level 15 of the Dungeon)
 16503 | D:15     | Received a gift from Okawaru
 16512 | D:15     | Identified the +10 mace of the Evil Eye {flame, Drain rPois
                  | Int-5 Dex+9}
 16625 | D:15     | Noticed Nessos
 16631 | D:15     | Paralysed by Nessos for 3 turns
 16649 | D:15     | Paralysed by Nessos for 5 turns
 16653 | D:15     | HP: 2/129 [poisoned by Nessos]
 16653 | D:15     | Shot with an arrow by Nessos

Illustrated notes

Levels and vault maps discovered:
D:1:      scummos_arrival_forest, layout_basic,
          shapermc_ecumenical_altar_starsandcircs
D:2:      layout_rooms, serial_shops, shop
D:3:      layout_basic, portal_sewer_entry_a, hex_large, corexii_shack
D:4:      layout_cave_pods, minmay_temple_entry_enclosed_plants,
          minmay_misc_feat_chi, nicolae_concentric_dashed_squares_wild,
          minmay_ruined_shrine, uniq_crazy_yiuf_cottage, uniq_pikel
D:5:      layout_loops_cross, grunt_temple_overflow_growth_and_decay,
          minmay_bent, uniq_duvessa
D:6:      layout_basic, kb_lookout_dungeons_type, st_stairs_9
D:7:      layout_rooms, enter_bailey_2, uniq_joseph
D:8:      cheibrodos_wizards_tower, layout_loops_cross, dpeg_oklobed_lair,
          moated_statue
D:9:      layout_big_octagon, mainiacjoe_overflow_six_doors_small, david_orc_2,
          serial_shops, nicolae_shop_hallway_plus, serial_column_ruins,
          column_ruins_grid_4, column_ruins_open_small,
          column_ruins_open_medium, column_ruins_columns_dead_end,
          column_ruins_open_small, column_ruins_columns_straight,
          column_ruins_corridor_corner, nicolae_take_the_stairs,
          item_on_display_a
D:10:     layout_irregular_city, ebering_ghost_gozag,
          minmay_guarded_unrand_vampires_tooth
D:11:     layout_irregular_city, corexii_corridor_pit, grunt_qazlal_sundering
D:12:     layout_roguey, gammafunk_ghost_arena, nicolae_diode_quadrants,
          uniq_erolcha
D:13:     layout_basic, chequers_mini_garden
D:14:     layout_gridville, erik_vaults_2, nicolae_two_hexagons, serial_shops,
          nicolae_shop_temple_entry_statues_fountains
D:15:     hangedman_depths_entry_try_elsewhere_first, layout_basic,
          minmay_microvault, uniq_nessos
Temple:   hellmonk_temple_divided_pantheon

Skill      XL: |  1  2  3  4  5  6  7  8  9 10 11 12 13 14 |
---------------+-------------------------------------------+-----
Armour         | 4 5 6 8 10 11 | 11.6
Maces & Flails | 3 4 5 7 9 10 11 13 15 | 15.0
Fighting       | 4 6 7 8 9 11 12 13 | 13.3
Shields        | 5 6 8 10 | 10.3
Throwing       | 4 5 8 |  8.8
Invocations    | 4 5 6 9 10 | 10.0
Evocations     | 2 5 |  5.2

Action                   |  1- 3 |  4- 6 |  7- 9 | 10-12 | 13-15 || total
-------------------------+-------+-------+-------+-------+-------++-------
Melee: Flail             |    99 |   161 |   283 |   332 |       ||   875
       Headbutt          |     9 |    20 |    59 |    97 |    58 ||   243
       Mace              |       |       |       |     6 |       ||     6
       Morningstar       |       |       |       |   209 |   185 ||   394
Throw: Boomerang         |       |       |    39 |   111 |    59 ||   209
Invok: Heroism           |       |       |       |     2 |     1 ||     3
       Finesse           |       |       |       |     2 |       ||     2
Evoke: Wand              |       |       |       |     7 |       ||     7
  Use: Scroll            |    10 |     3 |     8 |    11 |     2 ||    34
       Potion            |       |     4 |     7 |    14 |     4 ||    29
Armor: Scale mail        |    45 |   108 |    77 |       |       ||   230
       Plate armour      |       |       |    25 |    22 |       ||    47
       Chain mail        |       |       |       |   349 |   120 ||   469
Dodge: Dodged            |    37 |    80 |   118 |   154 |    47 ||   436
Block: Buckler           |    23 |    67 |    87 |       |       ||   177
       Kite shield       |       |       |     3 |   305 |    92 ||   400
